 Dungeon Crawl Stone Soup version 0.30-a0-2-gf48d83f5e2 (webtiles) character file.

Game seed: 11238740848538328684

71 ytrimaz the Insei (level 4, -1/28 HPs)
             Began as an Octopode Transmuter on Aug 20, 2022.
             Slain by Natasha (7 damage)
             ... on level 2 of the Dungeon.
             The game lasted 00:02:17 (1216 turns).

ytrimaz the Insei (Octopode Transmuter)             Turns: 1216, Time: 00:02:18

Health: -1/28      AC:  5    Str:  9    XL:     4   Next: 24%
Magic:  7/8        EV: 13    Int: 17    God:
Gold:   103        SH:  0    Dex: 12    Spells: 8/9 levels left

rFire   . . .      SeeInvis .      - Unarmed
rCold   . . .      Faith    .    (no shield)
rNeg    . . .      Spirit   .    (helmet currently unavailable)
rPois   .          Reflect  .    (no amulet)
rElec   .          Harm     .    e - +4 ring of protection
rCorr   .          Rampage  .    (no ring)
Will    .....                    (no ring)
Stlth   ++........               (no ring)
HPRegen 0.09/turn                (no ring)
MPRegen 0.11/turn                (no ring)
                                 (no ring)
                                 (no ring)

@: appendages (expiring)
A: tentacle spike 3, almost no armour, amphibious, 8 rings, camouflage 1,
gelatinous body 1, (nimble swimmer 1), tentacles
a: End Transformation


You were on level 2 of the Dungeon.
One of your tentacles had grown a beastly spike.
You visited 1 branch of the dungeon, and saw 2 of its levels.

You collected 103 gold pieces.

Inventory:

Jewellery
 e - a +4 ring of protection (left tentacle)
 h - a ring of fire
Scrolls
 a - a scroll of blinking
 c - 2 scrolls of enchant armour
Potions
 b - a potion of degeneration {unknown}
 d - 2 potions of curing
 f - a potion of heal wounds {unknown}
 i - a potion of brilliance {unknown}


   Skills:
 - Level 1.0 Fighting
 - Level 2.0 Dodging
 + Level 4.1 Unarmed Combat
 * Level 3.1 Spellcasting
 - Level 2.0 Transmutations


You had 8 spell levels left.
You knew the following spells:

 Your Spells              Type           Power      Damage    Failure   Level
a - Beastly Appendage     Tmut           18%        N/A       8%          1

Your spell library contained the following spells:

 Spells                   Type           Power      Damage    Failure   Level
 Wereblood                Tmut           9%         N/A       12%         2
 Spider Form              Tmut/Pois      6%         N/A       34%         3
 Ice Form                 Ice/Tmut       6%         N/A       75%         4


Dungeon Overview and Level Annotations

Branches:
Dungeon (2/15)

Altars:

Shops:
D:1 :

Annotations:
D:2 Natasha


Innate Abilities, Weirdness & Mutations

One of your tentacles has grown a beastly spike.
You cannot wear most types of armour.
You are amphibious.
You can wear up to eight rings at the same time.
Your skin changes colour to match your surroundings (Stealth+).
Your rubbery body absorbs attacks. (AC +1, EV +1)
((You are camouflaged when in or above water. (Stealth+)))
You have tentacles for arms and can constrict up to eight enemies at once.


Message History

The adder closely misses you.
You tentacle-slap the adder. Your grab misses the adder.
You pierce the adder.
The adder is almost dead.
The adder misses you. The adder barely misses you.
You tentacle-slap the adder.
You kill the adder!
You see here an adder corpse.
Natasha, Servant of Life and Death comes into view.
You see here 6 gold pieces.
Your transformation is almost over.
You now have 103 gold pieces (gained 6).
Found a stone staircase leading down.
f - a sapphire potion You extend your transformation's duration.
You extend your transformation's duration.
Natasha is nearby!
Natasha is nearby!
Natasha is nearby!
You miscast Beastly Appendage.
You are very lightly contaminated with residual magic.
Nothing appears to happen.
Natasha hisses angrily.
Natasha drinks a potion.
Natasha flickers and vanishes!
Deactivating autopickup; reactivate with Ctrl-A.
A magic dart appears from out of thin air!
The magic dart hits you.
A worm comes into view.
Found a stone staircase leading down.
Your transformation is almost over.
A worm is nearby!
Your magical contamination has completely faded away.
Something claws you.
You barely miss something.
You pierce something.
You hear some strange, mumbled words.
A magic dart appears from out of thin air!
The magic dart hits you.
You miss something.
You pierce something.
The worm bites you!
* * * LOW HITPOINT WARNING * * *
Something claws you!
You die...

#.#.#.#.#.# # .##.
###.#...#.#.## # ....
............. . ..>
...##..#.#.# #
#.#####.##..#.#.####
#$.>................ #
#..................
#...###w##.#.............
........@{......†........
....#.#.##.#.#...........
. ......................
...#.#...........[......
... #....................
.. . ...................
. .#.####.#....#).......
.... ........#.....#..
........#........


You could see a worm.

Vanquished Creatures
  Natasha (D:2)
  An adder (D:2)
  A dart slug (D:1)
  A ball python (D:2)
  7 bats (D:1)
  4 endoplasms
  3 giant cockroaches (D:1)
  2 hobgoblins (D:1)
  4 jackals (D:1)
  2 kobolds (D:1)
  A quokka (D:1)
  3 frilled lizards (D:1)
  A goblin (D:1)
  A rat (D:1)
32 creatures vanquished.

Vanquished Creatures (others)
  A goblin (D:1)
1 creature vanquished.

Grand Total: 33 creatures vanquished

Notes
Turn   | Place    | Note
-------+----------+-------------------------------------------
     0 | D:1      | ytrimaz the Octopode Transmuter began the quest for the
                  | Orb.
     0 | D:1      | Reached XP level 1. HP: 13/13 MP: 3/3
   139 | D:1      | Reached XP level 2. HP: 3/18 MP: 3/5
   597 | D:1      | Found Qyumup's Book Emporium.
   721 | D:1      | Reached XP level 3. HP: 23/23 MP: 6/6
   905 | D:1      | Found a faded altar of an unknown god.
  1102 | D:2      | Noticed Natasha
  1114 | D:2      | Killed Natasha
  1115 | D:2      | Reached skill level 4 in Unarmed Combat
  1115 | D:2      | Reached XP level 4. HP: 27/28 MP: 5/8
  1187 | D:2      | Noticed Natasha
  1216 | D:2      | Slain by Natasha

Illustrated notes

Levels and vault maps discovered:
D:1:      dpeg_arrival_short_road, layout_rooms, serial_curves, eino_curves_04,
          eino_curves_01, serial_shops,
          nicolae_shop_temple_entry_statues_fountains,
          dreamdust_ecumenical_altar_sealed_demon, minivault_11
D:2:      layout_basic, minmay_ruptured, uniq_natasha

Skill      XL: |  1  2  3 |
---------------+----------+-----
Unarmed Combat | 4 |  4.1
Spellcasting   | 3 |  3.1
Fighting       | |  1.0
Dodging        | |  2.0
Transmutations | |  2.0

Action                   |  1- 3 |  4- 6 || total
-------------------------+-------+-------++-------
Melee: Unarmed           |    58 |    11 ||    69
       Constrict         |    20 |     1 ||    21
       Kick              |    12 |     5 ||    17
       Tentacles         |    11 |       ||    11
 Cast: Beastly Appendage |    13 |     5 ||    18
  Use: Potion            |     1 |       ||     1
       Scroll            |     4 |       ||     4
 Stab: Sleeping          |       |     1 ||     1
Armor: Skin              |    29 |     1 ||    30
Dodge: Dodged            |    55 |     6 ||    61

Table legend: (Time is in decaauts)
 A = Elapsed time spent in this place.
 B = Non-inter-level travel time spent in this place.
 C = Inter-level travel time spent in this place.
 D = Time resting spent in this place.
 E = Time spent auto-exploring this place.
 F = Levels seen in this place.
 G = Mean time per level.
                   A        B        C        D        E       F      G
               +--------+--------+--------+--------+--------+-----+--------+
         Total |   1216 |   1189 |     27 |      0 |    921 |   2 |  608.0 |
       Dungeon |   1216 |   1189 |     27 |      0 |    921 |   2 |  608.0 |
               +--------+--------+--------+--------+--------+-----+--------+

Top non-repeatable levels by time:
     D:1: 1098 daAuts
     D:2: 118 daAuts
